 Dungeon Crawl Stone Soup version 0.29.0-4-gdea44cf6ec (webtiles) character file.

Game seed: 14775977285338542632

72 qw the Chopper (level 4, -5/26 HPs)
             Began as a Tengu Warper on Aug 28, 2022.
             Slain by a gnoll
             ... wielding a +0 club
              (6 damage)
             ... on level 2 of the Dungeon.
             The game lasted 00:00:09 (1672 turns).

qw the Chopper (Tengu Warper)                       Turns: 1672, Time: 00:00:09

Health: -5/26      AC:  5    Str: 13    XL:     4   Next: 25%
Magic:  8/8        EV: 10    Int: 13    God:
Gold:   73         SH:  4    Dex: 14    Spells: 7/7 levels left

rFire   . . .      SeeInvis .   Y - +0 hand axe
rCold   . . .      Faith    .   a - +0 buckler
rNeg    . . .      Spirit   .   i - +0 ring mail
rPois   .          Reflect  .   (helmet restricted)
rElec   .          Harm     .   (no cloak)
rCorr   .          Rampage  .   (no gloves)
Will    .....                   (boots unavailable)
Stlth   +.........              (no amulet)
HPRegen 0.08/turn               (no ring)
MPRegen 0.11/turn               (no ring)

@: no status effects
A: beak, talons 3
a: no special abilities


You were on level 2 of the Dungeon.
You visited 1 branch of the dungeon, and saw 2 of its levels.

You collected 73 gold pieces.


Innate Abilities, Weirdness & Mutations

You have a beak for a mouth.
You have claws for feet.


   Skills:
 - Level 2.0 Fighting
 + Level 4.6 Axes
 - Level 1.0 Throwing
 - Level 1.1 Armour
 - Level 2.1 Dodging
 - Level 1.0 Shields
 - Level 2.0 Spellcasting
 - Level 2.4 Translocations


You had 7 spell levels left.
You didn't know any spells.
Your spell library contained the following spells:

 Spells                   Type           Power      Damage    Failure   Level
 Blink                    Tloc           14%        N/A       38%         2
 Gell's Gravitas          Tloc           7%         N/A       63%         3
 Lesser Beckoning         Tloc           7%         N/A       63%         3
 Teleport Other           Tloc           7%         N/A       63%         3
 Manifold Assault         Tloc           7%         N/A       100%        5

Inventory:

Hand Weapons
 j - a +0 whip of draining
 Y - a +0 hand axe (weapon)
Armour
 a - a +0 buckler (worn)
 i - a +0 ring mail (worn)
Potions
 e - a potion of invisibility {unknown}

Dungeon Overview and Level Annotations

Branches:
Dungeon (2/15)

Altars:


Message History

You hit the worm. You hit the jackal but do no damage.
You block the jackal's attack. The jackal barely misses you.
The jackal bites you but does no damage.
You barely miss the jackal.
The jackal is moderately wounded.
You hit the jackal. You hit the worm. The jackal barely misses you.
The jackal misses you. The worm bites you! The jackal closely misses you.
You block the jackal's attack.
You hit the jackal. Your kick misses the jackal. Your peck misses the jackal.
The jackal is almost dead.
You hit the jackal. You hit the worm. You block the jackal's attack.
The jackal bites you but does no damage.
The worm bites you.
You closely miss the jackal. You claw the jackal.
You kill the jackal!
You hit the jackal.
You kill the jackal!
You hit the worm.
A gnoll comes into view. It is wielding a +0 spear.
1667 ||| Stepping ~*~*~tactically~*~*~ (stealth).
You see here a jackal corpse.
You barely miss the worm. You claw the worm. You peck the worm.
The worm is heavily wounded.
The worm bites you!
You slash the worm! You claw the worm. You peck the worm.
You kill the worm!
You hit the gnoll.
The gnoll is moderately wounded.
The gnoll hits you with a +0 club.
The gnoll shouts!
You hit the gnoll. You claw the gnoll, but do no damage.
The gnoll is heavily wounded.
You hear a shout!
The gnoll hits you with a +0 club.
You closely miss the gnoll. You peck the gnoll.
The gnoll is severely wounded.
The gnoll barely misses you. You block the gnoll's attack.
The gnoll hits you with a +0 club.
You die...

#..... #.
#...##
..#### .
#.### ..
#.#. #.##
... #..##
...###..#
....###.##
#...#..#
#..#.###
##.@.g.#
##g##..#
#h..#.#
###....g
###... .g.
..h


You could see 2 gnolls and a jackal.

Vanquished Creatures
  2 adders (D:2)
  A worm (D:2)
  7 endoplasms
  2 giant cockroaches
  A hobgoblin (D:1)
  9 jackals
  3 kobolds (D:1)
  3 quokkas (D:1)
  7 ball pythons
  4 bats (D:1)
  2 goblins (D:1)
  7 rats
48 creatures vanquished.

Notes
Turn   | Place    | Note
-------+----------+-------------------------------------------
     0 | D:1      | qw the Tengu Warper began the quest for the Orb.
     0 | D:1      | Reached XP level 1. HP: 12/12 MP: 4/4
     0 | D:1      | 0 ||| qw: Version: 0.1-a-89-g26bdef1
     0 | D:1      | 0 ||| qw: Game counter: 637
     0 | D:1      | 0 ||| qw: Always use a shield: true
     0 | D:1      | 0 ||| qw: God list: Okawaru
     0 | D:1      | 0 ||| qw: Allow faded altars: false
     0 | D:1      | 0 ||| qw: Do Orc after D:15 true
     0 | D:1      | 0 ||| qw: Do second Lair branch before Depths: true
     0 | D:1      | 0 ||| qw: Lair rune preference: random
     0 | D:1      | 0 ||| qw: Plans: Normal
     0 | D:1      | 0 ||| PLANNING D:1-11
   107 | D:1      | Reached XP level 2. HP: 14/17 MP: 6/6
   108 | D:1      | Reached skill level 3 in Axes
   159 | D:1      | Found a faded altar of an unknown god.
   208 | D:1      | 208 ||| Stepping ~*~*~tactically~*~*~ (stealth).
   312 | D:1      | 312 ||| READING scroll labelled GUDOCIGGAZ.
   454 | D:1      | Reached XP level 3. HP: 18/21 MP: 7/7
   604 | D:1      | Reached skill level 4 in Axes
   733 | D:1      | 733 ||| UPGRADING to +0 buckler.
   739 | D:1      | 739 ||| UPGRADING to +0 ring mail.
   749 | D:1      | 749 ||| DROPPING +0 leather armour.
   895 | D:1      | 895 ||| DROPPING +0 whip.
   896 | D:1      | 896 ||| READING scroll labelled WOEWIC AMAE.
   897 | D:1      | 897 ||| READING scroll labelled DEIWEG COANEA.
   898 | D:1      | 898 ||| READING scroll labelled RECEOR LARUE.
   899 | D:1      | 899 ||| READING scroll labelled VYAKYO BEMNOPEMA.
   900 | D:1      | 900 ||| DROPPING scroll of blinking.
   901 | D:1      | 901 ||| Stepping randomly (stuck).
   902 | D:1      | 902 ||| Stepping ~*~*~tactically~*~*~ (cloud).
   909 | D:1      | HP: 5/20 [poisoned by you (poison gas)]
  1155 | D:2      | 1155 ||| STAIRDANCE
  1163 | D:2      | Reached skill level 1 in Shields
  1195 | D:2      | Identified the +6 dagger "Keciffei" {elec, Will++}
  1411 | D:2      | Reached XP level 4. HP: 9/26 MP: 8/8
  1657 | D:2      | 1657 ||| Stepping ~*~*~tactically~*~*~ (stealth).
  1667 | D:2      | 1667 ||| Stepping ~*~*~tactically~*~*~ (stealth).
  1670 | D:2      | HP: 3/26 [gnoll/+0 club (4)]
  1671 | D:2      | HP: 1/26 [gnoll/+0 club (2)]
  1672 | D:2      | Slain by a gnoll

Levels and vault maps discovered:
D:1:      matt_arrival_spirals, layout_loops_ring,
          ebering_ecumenical_altar_sacrificial, minmay_pentomino_t4
D:2:      layout_rooms, uniq_robin, uniq_natasha

Skill      XL: |  1  2  3 |
---------------+----------+-----
Axes           | 3 4 |  4.6
Shields        | 1 |  1.0
Fighting       | |  2.0
Throwing       | |  1.0
Armour         | |  1.1
Dodging        | |  2.1
Spellcasting   | |  2.0
Translocations | |  2.4

Action                   |  1- 3 |  4- 6 || total
-------------------------+-------+-------++-------
Melee: Hand axe          |    83 |    13 ||    96
       Kick              |    24 |     4 ||    28
       Peck              |    14 |     3 ||    17
Throw: Boomerang         |     7 |       ||     7
  Use: Scroll            |     5 |       ||     5
Armor: Leather armour    |     7 |       ||     7
       Ring mail         |    14 |     5 ||    19
Dodge: Dodged            |    44 |     8 ||    52
Block: Buckler           |     2 |     4 ||     6

Table legend:
 A = Non-vault XP
 B = Vault XP
 C = Vault XP percentage of total XP
 D = Non-vault monster count
 E = Vault monster count
 F = Vault count percentage of total count
                 A         B        C        D         E       F
            +---------+---------+-------+---------+---------+-------
      Total |      99 |       4 |   3.9 |      45 |       3 |   6.2
            +---------+---------+-------+---------+---------+-------
        D:1 |      56 |       4 |   6.7 |      35 |       3 |   7.9
        D:2 |      43 |       0 |   0.0 |      10 |       0 |   0.0
            +---------+---------+-------+---------+---------+-------
